 Dungeon Crawl Stone Soup version 0.22.1-1-ga44c0e5 (webtiles) character file.

123 Monsterracer the Firebug (level 5, -5/31 HPs)
             Began as an Octopode Fire Elementalist on Sept 23, 2018.
             Slain by a gnoll
             ... wielding a +0 halberd
              (7 damage)
             ... on level 4 of the Dungeon.
             The game lasted 00:04:20 (2968 turns).

Monsterracer the Firebug (OpFE)                     Turns: 2968, Time: 00:04:20

Health: -5/31      AC:  3    Str:  7    XL:     5   Next: 7%
Magic:  0/9        EV: 13    Int: 19    God:
Gold:   168        SH:  0    Dex: 12    Spells: 1/9 levels left

rFire    . . .     SeeInvis .   a - +1 spear
rCold    . . .     Gourm    .   (no shield)
rNeg     . . .     Faith    .   (helmet restricted)
rPois    +         Spirit   .   (no amulet)
rElec    .         Reflect  .   k - ring of poison resistance {!d}
rCorr    .         Harm     .   h - +2 ring of protection
MR       .....                  (no ring)
Stlth    +++.......             (no ring)
HPRegen  0.10/turn              (no ring)
MPRegen  0.11/turn              (no ring)
                                (no ring)
                                (no ring)

@: no status effects
A: almost no armour, stealthy swim, amphibious, 8 rings, constrict 8, camouflage
1, gelatinous body 1
a: no special abilities


You were on level 4 of the Dungeon.
You were not hungry.

You visited 1 branch of the dungeon, and saw 4 of its levels.

You collected 168 gold pieces.

Inventory:

Hand Weapons
 a - a +1 spear (weapon)
Armour
 i - a +1 buckler
Jewellery
 h - a +2 ring of protection (right tentacle)
 k - a ring of poison resistance (left tentacle) {!d}
Wands
 d - a wand of disintegration (14)
 m - a wand of acid (11)
Scrolls
 b - 2 scrolls of amnesia
 l - 3 scrolls of enchant armour
 n - 2 scrolls of teleportation {!r}
 q - a scroll of remove curse
Potions
 e - a potion of agility
 f - a potion of flight
 g - a potion of ambrosia {!q}
 j - 2 potions of curing
 o - a potion of lignification {unknown}
 p - a potion of haste {unknown}
Comestibles
 c - 5 rations


   Skills:
 - Level 2.0 Dodging
 - Level 2.6 Stealth
 - Level 0.4 Shields
 + Level 2.7 Spellcasting
 * Level 3.0 Conjurations
 * Level 4.1 Fire Magic


You had one spell level left.
You knew the following spells:

 Your Spells              Type           Power        Failure   Level  Hunger
a - Flame Tongue          Conj/Fire      ###..        3%          1    None
b - Conjure Flame         Conj/Fire      ###.....     11%         3    ###....
c - Sticky Flame          Conj/Fire      ###.....     34%         4    ####...

Your spell library contained the following spells:

 Spells                   Type           Power        Failure   Level  Hunger
 Throw Flame              Conj/Fire      ###...       5%          2    ##.....
 Inner Flame              Hex/Fire       ##......     21%         3    ###....
 Fireball                 Conj/Fire      ###.......   69%         5    ######.


Dungeon Overview and Level Annotations

Branches:
Dungeon (4/15)
 Temple: D:4-7

Altars:
Gozag
Kikubaaqudgha
Ru


Innate Abilities, Weirdness & Mutations

You cannot wear most types of armour.
You are very stealthy in the water. (Stealth+)
You are amphibious.
You can wear up to eight rings at the same time.
You can use your tentacles to constrict eight enemies at once.
Your skin changes colour to match your surroundings (Stealth+).
Your rubbery body absorbs attacks. (AC +1, EV +1)


Message History

You now have 3/7 mp.
Casting: Flame Tongue (safe; 4% risk of failure)
Confirm with . or Enter, or press ? or * to list all spells.
Aiming: Flame Tongue (safe; 4% risk of failure)
Press: ? - help, Shift-Dir - straight line, f/p - orc wizard
Aim: an orc wizard, wielding a dagger and wearing a robe (moderately wounded, The flame tongue hits the orc wizard.
The orc wizard is moderately wounded.
The orc wizard hits you with a dagger.
A gnoll comes into view. It is wielding a club.
The hound bites you but does no damage.
The gnoll hits you from afar with a halberd!
You take 8 damage, and have 18/27 hp.
MASSIVE DAMAGE!!
You now have 2/7 mp.
Casting: Flame Tongue (safe; 4% risk of failure)
Confirm with . or Enter, or press ? or * to list all spells.
Aiming: Flame Tongue (safe; 4% risk of failure)
Press: ? - help, Shift-Dir - straight line, f/p - orc wizard
Aim: an orc wizard, wielding a dagger and wearing a robe (moderately wounded, The flame tongue misses the orc wizard.
The gnoll shouts!
The orc wizard hits you but does no damage.
The hound barely misses you. The gnoll closely misses you.
The orc wizard barely misses you. The hound barely misses you.
You now have 1/7 mp.
Casting: Flame Tongue (safe; 4% risk of failure)
Confirm with . or Enter, or press ? or * to list all spells.
Aiming: Flame Tongue (safe; 4% risk of failure)
Press: ? - help, Shift-Dir - straight line, f/p - orc wizard
Aim: an orc wizard, wielding a dagger and wearing a robe (moderately wounded, The flame tongue hits the orc wizard.
The orc wizard is heavily wounded.
The orc wizard hits you but does no damage.
The hound misses you. The gnoll closely misses you.
You now have 0/7 mp.
The orc wizard barely misses you. x2; The hound completely misses you.
You hit the orc wizard. Your grab misses the orc wizard.
You squeeze the orc wizard, but do no damage.
The orc wizard is severely wounded.
The orc wizard barely misses you. The hound bites you but does no damage.
You hit the orc wizard but do no damage.
Your grab misses the orc wizard.
The orc wizard is severely wounded.
The orc wizard points at you and mumbles some strange words.
You resist with some effort. The hound closely misses you.
The orc wizard hits you with a dagger. The hound bites you.
* * * LOW HITPOINT WARNING * * *
You take 7 damage, and have 12/27 hp.
MASSIVE DAMAGE!!
Casting: Flame Tongue (safe; 4% risk of failure)
Confirm with . or Enter, or press ? or * to list all spells.
Aiming: Flame Tongue (safe; 4% risk of failure)
Press: ? - help, Shift-Dir - straight line, f/p - orc wizard
Aim: an orc wizard, wielding a dagger and wearing a robe (severely wounded, The flame tongue hits the orc wizard.
You kill the orc wizard!
Your Conjurations skill increases to level 3!
You have reached level 5!
You feel clever. The hound closely misses you.
You regained 2 hp, and now have 14/31 hp.
You now have 0/9 mp.
The hound closely misses you. x2
Things that are here:
a dagger; a robe; an orc corpse The hound bites you.
* * * LOW HITPOINT WARNING * * *
You take 1 damage, and have 13/31 hp.
The hound bites you.
* * * LOW HITPOINT WARNING * * *
You take 1 damage, and have 12/31 hp.
The hound barely misses you.
An orc comes into view. It is wielding a hand axe.
The hound completely misses you. The hound bites you.
* * * LOW HITPOINT WARNING * * *
You take 6 damage, and have 7/31 hp.
The hound barely misses you.
Casting: Flame Tongue (safe; 3% risk of failure)
Confirm with . or Enter, or press ? or * to list all spells.
Aiming: Flame Tongue (safe; 3% risk of failure)
Press: ? - help, Shift-Dir - straight line, f - hound
Aim: a hound (heavily wounded)
The flame tongue hits the hound.
The hound is severely wounded.
The hound closely misses you.
You now have 0/9 mp.
You barely miss the hound. Your grab misses the hound.
The hound is severely wounded.
The hound bites you.
* * * LOW HITPOINT WARNING * * *
The hound barely misses you.
You take 6 damage, and have 1/31 hp.
You hit the hound but do no damage. You grab the hound.
The hound is severely wounded.
You constrict the hound, but do no damage.
The hound closely misses you. The gnoll closely misses you.
You hit the hound.
The hound is almost dead.
You constrict the hound. The hound barely misses you. x2
The gnoll hits you from afar with a halberd!
You die...

...... .....o ....o.
..... ..... ##
#..#.########### .
#..#.gh@.......#
#.#..#gg########.#
#.#..#..# #.# #......g#
#.# # #.#..##g# #.# #
...###..##.# #.# #
#.......g##g# #<# #
#.######.##.# ### #
#.##.##################


You could see a hound and 3 gnolls.

Vanquished Creatures
  An orc wizard (D:4)
  An adder (D:3)
  2 oozes
  2 worms (D:3)
  3 dart slugs
  A leopard gecko (D:3)
  A giant cockroach (D:1)
  7 goblins
  7 hobgoblins
  3 jackals
  2 quokkas (D:2)
  9 bats
  5 frilled lizards
  13 kobolds
  11 rats
68 creatures vanquished.

Notes
Turn   | Place    | Note
-------+----------+-------------------------------------------
     0 | D:1      | Monsterracer the Octopode Fire Elementalist began the quest
                  | for the Orb.
     0 | D:1      | Reached XP level 1. HP: 11/11 MP: 3/3
   147 | D:1      | Reached XP level 2. HP: 16/17 MP: 1/5
   677 | D:1      | Reached XP level 3. HP: 21/21 MP: 4/6
   682 | D:1      | Learned a level 3 spell: Conjure Flame
  1541 | D:2      | Reached XP level 4. HP: 27/27 MP: 4/7
  1925 | D:2      | Found an ancient bone altar of Kikubaaqudgha.
  1928 | D:2      | Found a sacrificial altar of Ru.
  1930 | D:2      | Found an opulent altar of Gozag.
  2181 | D:3      | Learned a level 4 spell: Sticky Flame
  2533 | D:3      | Found a faded altar of an unknown god.
  2662 | D:3      | Reached skill level 4 in Fire Magic
  2951 | D:4      | HP: 12/27 [hound (6)]
  2952 | D:4      | Reached XP level 5. HP: 14/31 MP: 0/9
  2957 | D:4      | HP: 12/31 [hound (1)]
  2962 | D:4      | HP: 7/31 [hound (6)]
  2966 | D:4      | HP: 1/31 [hound (6)]
  2968 | D:4      | Slain by a gnoll

Skill      XL: |  1  2  3  4 |
---------------+-------------+-----
Conjurations   | 2 3 |  3.0
Fire Magic     | 4 |  4.1
Dodging        | |  2.0
Stealth        | |  2.6
Shields        | |  0.4
Spellcasting   | |  2.7

Action                   |  1- 3 |  4- 6 || total
-------------------------+-------+-------++-------
Melee: Spear             |    15 |     6 ||    21
       Constrict         |     2 |     2 ||     4
       Tentacles         |     1 |     2 ||     3
 Cast: Flame Tongue      |    64 |    42 ||   106
  Use: Scroll            |     5 |     8 ||    13
 Stab: Sleeping          |       |     1 ||     1
  Eat: Chunk             |     2 |     5 ||     7
Armor: Skin              |    14 |     6 ||    20
Dodge: Dodged            |    50 |    37 ||    87

Vault maps used:
D:1:      ebering_trefoil_twist, minmay_three_crescents
D:2:      minmay_kobold_bridge, minitemple, first_ration
D:3:      chequers_ecumenical_altar_island
D:4:      portal_sewer_entry_a, uniq_menkaure
